 Dungeon Sprint DCSS version 0.23.0-28-g6fe0f4d (webtiles) character file.

Game seed: 10938502088167822491

5644 Fang the Fighter (level 10, -6/111 HPs)
             Began as a Gargoyle Berserker on Feb 25, 2019.
             Was the Champion of Trog.
             Killed by divine providence
             ... invoked by an orc priest
              (16 damage)
             ... in the Dungeon (Sprint VII: "The Pits").
             The game lasted 00:03:03 (1512 turns).

Fang the Fighter (Gargoyle Berserker)               Turns: 1512, Time: 00:03:03

Health: -6/111     AC: 24    Str: 33    XL:     10   Next: 74%
Magic:  10/10      EV: 17    Int:  7    God:    Trog [******]
Gold:   0          SH:  0    Dex:  9    Spells: 9/9 levels left

rFire    . . .     SeeInvis .   o - +3 battleaxe (elec)
rCold    . . .     Gourm    .   (shield currently unavailable)
rNeg     + . .     Faith    .   j - +4 chain mail
rPois    ∞         Spirit   .   (no helmet)
rElec    +         Reflect  .   (no cloak)
rCorr    .         Harm     .   (no gloves)
MR       .....     NoTele   +   (no boots)
Stlth    ..........             (no amulet)
HPRegen  0.28/turn              r - +3 ring of strength
MPRegen  0.12/turn              b - +3 ring of evasion

@: berserking, very quick
A: negative energy resistance 1, electricity resistance, unbreathing,
petrification resistance, rot immunity, AC +7
a: Berserk, Trog's Hand, Brothers in Arms, Renounce Religion


You were in the Dungeon.
You worshipped Trog.
Trog was exalted by your worship.
You were hungry.

You visited 1 branch

Inventory:

Hand Weapons
 n - a +2 hand axe of chopping
 o - a +3 battleaxe of electrocution (weapon)
 t - a +2 war axe of chopping
Armour
 j - a +4 chain mail (worn)
Jewellery
 b - a +3 ring of evasion (right hand)
 r - a +3 ring of strength (left hand)
Scrolls
 i - a scroll of blinking
 k - 3 scrolls of remove curse
 l - a scroll of summoning
Potions
 a - 2 potions of invisibility
 d - 7 potions of curing
 e - 10 potions of heal wounds
 f - 2 potions of haste
 g - 4 potions of magic
 h - 3 potions of berserk rage
 p - a potion of might
 q - a potion of agility
 s - a potion of resistance
Comestibles
 c - 9 rations


   Skills:
 + Level 13.8 Fighting
 + Level 11.8 Axes
 + Level 13.6 Armour
 + Level 10.8 Dodging


You had 9 spell levels left.
You didn't know any spells.
Your spell library was empty.

Dungeon Overview and Level Annotations

Branches:
Dungeon (1/1)

Altars:


Innate Abilities, Weirdness & Mutations

You are resistant to torment.
Your stone body is resilient. (AC +7)
You are immune to poison.
You resist negative energy. (rN+)
You are resistant to electric shocks. (rElec)
You can survive without breathing.
You are immune to petrification.
You are immune to rotting.


Message History

You slash the killer bee!
Lightning courses through the killer bee!
You kill the killer bee!
Trog accepts your kill.
You hit the sea snake. You miss the emperor scorpion.
The sea snake barely misses you. The orange demon misses you.
Unknown command.
You slash the killer bee!
The killer bee is heavily wounded.
You slice the sea snake!!
You kill the sea snake!
Trog accepts your kill.
You hit the emperor scorpion.
Lightning courses through the emperor scorpion!
The killer bee stings you but does no damage.
The emperor scorpion closely misses you.
The emperor scorpion claws you but does no damage. x2
The orc priest mumbles some strange prayers to Beogh against you.
Beogh smites you!
You die...

#####÷)######
...##÷)#########
...##......#...+ .
...##....###...## .#
...##...##.+...+.## .#
...##..##..##)##..## .#
...##..#..##...##..+ ..#
...##..#..#.....#s.#...#
#####..'.)(.((..@yy†...+
#####..#..#.....#y4#...#
.[[##..#..##...##.oo...#
.[[##..##..##'##..##...#
.))##...##.+...'.##
....# !))##....###...###
#...# .))##.÷)...#...+
#... ################ ##


You could see an emperor scorpion, an orange demon, 3 killer bees and 2 orc
priests.

Vanquished Creatures
  An ice dragon (D)
  Urug (D)
  A sea snake (D)
  A deep elf mage (D)
  An elephant (D)
  A cyclops (D)
  A gargoyle (D)
  A black mamba (D)
  A jumping spider (D)
  A polar bear (D)
  A hornet (D)
  A snapping turtle (D)
  A flying skull (D)
  A wraith (D)
  A steam dragon (D)
  A floating eye (D)
  A soldier ant (D)
  A bullfrog (D)
  9 killer bees (D)
  A quasit (D)
  A jelly (D)
  A gnoll shaman (D)
  2 iron imps (D)
  A hell rat (D)
  A worker ant (D)
  A mummy (D)
  An adder (D)
  A gnoll (D)
  A white imp (D)
  An ooze (D)
  An adder skeleton (D)
  3 leopard geckos (D)
  5 orcs (D)
  2 giant cockroaches (D)
  7 jackals (D)
  A quokka (D)
58 creatures vanquished.

Vanquished Creatures (others)
  3 redbacks (D)
  A vampire (D)
  A chaos spawn (D)
  An orc priest (D)
  An adder simulacrum (D)
  2 orcs (D)
9 creatures vanquished.

Grand Total: 67 creatures vanquished

Notes
Turn   | Place    | Note
-------+----------+-------------------------------------------
     0 | D        | Fang the Gargoyle Berserker began the quest for the Orb.
     0 | D        | Reached XP level 1. HP: 14/14 MP: 1/1
    56 | D        | Reached ** piety under Trog
    68 | D        | Noticed a floating eye
    73 | D        | Paralysed by a floating eye for 4 turns
    78 | D        | Killed a floating eye
    78 | D        | Reached skill level 5 in Armour
    78 | D        | Reached XP level 2. HP: 22/22 MP: 2/2
    78 | D        | Reached XP level 3. HP: 27/27 MP: 3/3
    78 | D        | Reached XP level 4. HP: 32/32 MP: 4/4
    83 | D        | Reached skill level 5 in Axes
    92 | D        | Reached *** piety under Trog
    92 | D        | Reached XP level 5. HP: 36/36 MP: 5/5
   110 | D        | Reached **** piety under Trog
   319 | D        | Noticed a flying skull
   327 | D        | Reached skill level 5 in Dodging
   334 | D        | Reached XP level 6. HP: 44/44 MP: 6/6
   340 | D        | Killed a flying skull
   343 | D        | Reached ***** piety under Trog
   407 | D        | Reached XP level 7. HP: 36/50 MP: 7/7
   508 | D        | Received a gift from Trog
   518 | D        | Noticed a steam dragon
   518 | D        | Noticed a vampire
   537 | D        | Killed a vampire
   540 | D        | Killed a steam dragon
   580 | D        | Killed a redback
   749 | D        | Noticed a deep elf mage
   757 | D        | Received a gift from Trog
   766 | D        | Killed a deep elf mage
   766 | D        | Reached skill level 10 in Fighting
   766 | D        | Reached XP level 8. HP: 56/57 MP: 8/8
   788 | D        | Noticed an elephant
   789 | D        | Noticed a gargoyle
   797 | D        | Killed a gargoyle
   797 | D        | Reached skill level 10 in Armour
   800 | D        | Killed an elephant
   800 | D        | Reached XP level 9. HP: 43/64 MP: 9/9
   960 | D        | Noticed a polar bear
   968 | D        | Killed a polar bear
   973 | D        | Noticed a black mamba
   982 | D        | Killed a black mamba
   982 | D        | Received a gift from Trog
   982 | D        | Reached skill level 10 in Axes
  1039 | D        | Noticed Urug
  1045 | D        | Reached ****** piety under Trog
  1049 | D        | Killed Urug
  1241 | D        | Noticed a jumping spider
  1250 | D        | Reached XP level 10. HP: 72/72 MP: 10/10
  1255 | D        | Noticed a cyclops
  1263 | D        | Received a gift from Trog
  1270 | D        | Killed a cyclops
  1270 | D        | Reached skill level 10 in Dodging
  1488 | D        | Noticed an emperor scorpion
  1488 | D        | Noticed a sea snake
  1490 | D        | Noticed an ice dragon
  1492 | D        | Noticed an orange demon
  1496 | D        | Received a gift from Trog
  1510 | D        | Killed an ice dragon
  1510 | D        | Received a gift from Trog
  1512 | D        | Killed a sea snake
  1512 | D        | Killed from afar by an orc priest

Skill      XL: |  1  2  3  4  5  6  7  8  9 10 |
---------------+-------------------------------+-----
Axes           | 4 5 6 7 8 9 10 11 | 11.8
Dodging        | 4 5 6 7 8 9 10 | 10.8
Fighting       | 6 7 8 10 11 12 13 | 13.8
Armour         | 5 6 8 9 10 12 13 | 13.6

Action                   |  1- 3 |  4- 6 |  7- 9 | 10-12 || total
-------------------------+-------+-------+-------+-------++-------
Melee: Hand axe          |    13 |    64 |    20 |       ||    97
       War axe           |       |       |    65 |    11 ||    76
       Battleaxe         |       |       |       |    26 ||    26
Invok: Berserk           |       |     1 |     2 |     1 ||     4
  Eat: Chunk             |       |       |     4 |     1 ||     5
Armor: Animal skin       |     1 |     6 |       |       ||     7
       Scale mail        |       |    19 |    14 |       ||    33
       Chain mail        |       |       |    50 |    35 ||    85
Dodge: Dodged            |     5 |    45 |    86 |    61 ||   197
